 Dungeon Crawl Stone Soup version 0.32-a0-975-g85d4e5bfdb (webtiles) character file.

Game seed: 9045640632203331886

3126 funkygono the Arsonist (level 9, -3/47 HPs)
             Began as a Gargoyle Fire Elementalist on Apr 18, 2024.
             Was a Priest of Vehumet.
             Engulfed by a cloud of steam (5 damage)
             ... on level 8 of the Dungeon.
             The game lasted 00:17:30 (8128 turns).

funkygono the Arsonist (Gargoyle Fire Elementalist) Turns: 8128, Time: 00:17:30

Health: -3/47      AC: 10    Str: 12    XL:     9   Next: 92%
Magic:  9/21       EV: 11    Int: 20    God:    Vehumet [***...]
Gold:   343        SH:  0    Dex: 10    Spells: 17/24 levels left

rFire   . . .        B - +4 flail
rCold   . . .        (no shield)
rNeg    + + .        a - +0 robe
rPois   ∞            (no helmet)
rElec   +            k - +1 cloak
rCorr   +            (no gloves)
SInv    .            (no boots)
Will    .....        D - amulet of magic regeneration
Stlth   ++           d - ring of resist corrosion
HPRegen 0.27/turn    v - ring of positive energy
MPRegen 0.57/turn

%: no passive effects
@: no status effects
A: sickness immunity, AC +6, negative energy resistance 1, electricity
resistance, torment resistance 1, petrification resistance
a: Renounce Religion


You were on level 8 of the Dungeon.
You worshipped Vehumet.
Vehumet was most pleased with you.
You visited 2 branches of the dungeon, and saw 9 of its levels.
You also visited: Sewer.

You collected 343 gold pieces.

Inventory:

Hand Weapons
 c - a +0 whip
 x - a +0 whip of electrocution
 B - a +4 flail (weapon)
Armour
 a - a +0 robe (worn)
 k - a +1 cloak (worn)
 q - the +3 kite shield of Xodd {Harm Rampage rPois Dex-2}
   (You took it off a kobold on level 4 of the Dungeon)

   Dex-2:     It affects your dexterity (-2).
   rPois:     It protects you from poison.
   Harm:      It increases damage dealt and taken.
   Rampage:   It bestows one free step when moving towards enemies.
 y - a +0 ring mail of fire resistance
 F - the +6 ring mail of Sloth {+Inv Fly rC++ Will-}
   (You found it on level 7 of the Dungeon)

   rC++:      It greatly protects you from cold.
   Will-:     It decreases your willpower.
   +Inv:      It lets you turn invisible.
   Fly:       It grants you flight.
Jewellery
 d - a ring of resist corrosion (left hand)
 h - a ring of ice
 v - a ring of positive energy (right hand)
 D - an amulet of magic regeneration (around neck)
Wands
 e - a wand of flame (23)
 g - a wand of polymorph (13)
Scrolls
 b - 3 scrolls of vulnerability
 f - a scroll of immolation
 i - 2 scrolls of poison
 l - 2 scrolls of teleportation
 p - 3 scrolls of fear
 t - 2 scrolls of blinking
Potions
 j - a potion of curing
 m - 2 potions of brilliance {unknown}
 n - 2 potions of attraction
 o - 2 potions of mutation
 r - 3 potions of heal wounds
 s - 3 potions of might
 w - 4 potions of magic
 z - 2 potions of enlightenment {unknown}
 A - a potion of berserk rage {unknown}
 C - 3 potions of haste


   Skills:
 + Level 1.4 Fighting
 + Level 3.1 Maces & Flails
 + Level 3.0 Dodging
 - Level 2.2 Stealth
 + Level 8.0 Spellcasting
 + Level 5.5 Conjurations
 + Level 8.5 Fire Magic


You had 17 spell levels left.
You knew the following spells:

 Your Spells              Type           Power      Damage    Failure   Level
a - Foxfire               Conj/Fire      100%       2x1d9     1%          1
b - Scorch                Fire           84%        2d8       1%          2
c - Flame Wave            Conj/Fire      36%        2d10      1%          4

Your spell library contained the following spells:

 Spells                   Type           Power      Damage    Failure   Level
 Dazzling Flash           Conj/Hex       38%        N/A       2%          3
 Inner Flame              Hex/Fire       25%        N/A       1%          3
 Volatile Blastmotes      Fire/Tloc      50%        2d14      1%          3
 Frozen Ramparts          Ice            16%        1d3       7%          3
 Necrotise                Necr           32%        1d5       9%          1
 Olgreb's Toxic Radiance  Alch           8%         N/A       21%         4
 Ozocubu's Armour         Ice            8%         N/A       26%         3
 Vampiric Draining        Necr           8%         2d6       26%         3
 Martyr's Knell           Necr/Summ      8%         N/A       63%         4
 Curse of Agony           Necr           8%         N/A       93%         5
 Metabolic Englaciation   Hex/Ice        4%         N/A       93%         5
 Ozocubu's Refrigeration  Ice            4%         4d8       100%        7
 Discord                  Hex            4%         N/A       100%        8


Dungeon Overview and Level Annotations

Branches:
Dungeon (8/15)             Temple (1/1) D:7           Sewer (visited)
   Lair: D:8-11

Altars:
Ashenzari
Cheibriados
Dithmenos
Elyvilon
Fedhas
Gozag
Hepliaklqana
Kikubaaqudgha
Okawaru
Qazlal
Ru
Trog
Uskayaw
Vehumet
Wu Jian
Xom
Yredelemnul
Zin
The Shining One

Shops:
D:1 ?   D:3 =


Innate Abilities, Weirdness & Mutations

You are immune to sickness and miasma.
Your stone body is resilient. (AC +6)
You are immune to poison.
You resist negative energy. (rN+)
You are resistant to electric shocks. (rElec)
You are resistant to unholy torment.
You are immune to petrification.


Message History

You kill the orc priest!
Vehumet accepts your kill.
You feel your power returning. The flame wave engulfs your butterfly!
You kill your butterfly!
Your butterfly disappears in a burst of colours!
The flame wave engulfs your butterfly!
You kill your butterfly!
Your butterfly disappears in a burst of colours!
The flame wave engulfs your butterfly!
You kill your butterfly!
Your butterfly disappears in a burst of colours!
The flame wave engulfs your butterfly!
You kill your butterfly!
Your butterfly disappears in a burst of colours!
The flame wave engulfs the plant!
The plant begins to die.
The plant is lightly damaged.
You finish channelling waves of flame.
The killer bee completely misses you. The killer bee closely misses you.
The steam dragon bites you!
* * * LOW HITPOINT WARNING * * *
The steam dragon misses you.
Casting: Flame Wave (dangerous; 1% risk of failure)
Confirm with . or Enter, or press ? or * to list all spells.
Casting: Flame Wave (dangerous; 1% risk of failure)
Press: ? - help, Dir - look around, f - activate A wave of flame ripples out!
The flame wave engulfs the killer bee!
You kill the killer bee!
Vehumet accepts your kill.
The flame wave engulfs the steam dragon!
The steam dragon is almost dead. (Press . to intensify the flame waves.)
The steam dragon breathes steam at you. The ball of steam hits you!
* * * LOW HITPOINT WARNING * * *
Your Spellcasting skill increases to level 8!
A wave of flame ripples out!
The flame wave engulfs the steam dragon!
You kill the steam dragon!
Vehumet accepts your kill.
You are engulfed in a cloud of scalding steam.
You die...

..... ..... ###
.... ##.## ...#
##...# f.# ##.$§.#
#§# ##..)§§### #§##
##...†@...#
##..###PP..†....#
##.#.......§.....#
##.#####.....§.P..#
##..# #...b§....PP#
##..##
#...§§_§......
#..##
#.P§P§...PPP#.#
..##
#..§§#......###
.### #.)#.bD#.PP..#


There were no monsters in sight!

Vanquished Creatures
  Maurice (D:8)
  Sigmund (D:5)
  2 steam dragons
  Menkaure (D:5)
  2 water moccasins
  An orc warrior (D:7)
  Pargi (Sewer)
  A sky beast (D:7)
  A black bear (D:5)
  A centaur (D:6)
  A kobold brigand (D:4)
  3 bullfrogs
  2 brain worms (Sewer)
  4 scorpions
  5 wights (D:6)
  4 killer bees (D:8)
  A jelly (D:6)
  A hound (D:6)
  A gnoll bouda (D:7)
  2 orc priests
  Ijyb (D:3)
  4 iguanas
  2 orc wizards
  6 adders
  6 gnolls
  2 shadow imps
  4 ufetubi
  A dart slug (D:2)
  3 ribbon worms
  16 orcs
  11 ball pythons
  6 endoplasms
  4 giant cockroaches
  4 goblins
  11 hobgoblins
  3 jackals (D:4)
  12 quokkas
  10 bats
  3 frilled lizards
  28 kobolds
  6 rats
179 creatures vanquished.

Vanquished Creatures (collateral kills)
  2 foxfires (D:8)
2 creatures vanquished.

Vanquished Creatures (others)
  A kobold (D:4)
  485 foxfires
486 creatures vanquished.

Grand Total: 667 creatures vanquished

Notes
Turn   | Place    | Note
-------+----------+-------------------------------------------
     0 | D:1      | funkygono the Gargoyle Fire Elementalist began the quest
                  | for the Orb.
     0 | D:1      | Reached XP level 1. HP: 10/10 MP: 3/3
   293 | D:1      | Reached XP level 2. HP: 15/15 MP: 1/5
   296 | D:1      | Learned a level 2 spell: Scorch
   910 | D:1      | Reached XP level 3. HP: 16/19 MP: 2/6
   988 | D:1      | Found The Oracle's Delphic Readings.
  1182 | D:2      | Found a sacrificial altar of Ru.
  1270 | D:2      | Reached XP level 4. HP: 16/24 MP: 0/8
  1280 | D:2      | Learned a level 4 spell: Flame Wave
  1765 | D:2      | Identified the +0 robe of Focus {rPois Regen+ rCorr Int-5}
  2207 | D:3      | Found a snail-covered altar of Cheibriados.
  2390 | D:3      | Noticed a scorpion
  2396 | D:3      | Killed a scorpion
  2397 | D:3      | Reached XP level 5. HP: 28/28 MP: 3/9
  2484 | D:3      | Found a radiant altar of Vehumet.
  2490 | D:3      | Became a worshipper of Vehumet
  2683 | D:3      | Found Ruuw Rie's Jewellery Emporium.
  2685 | D:3      | Noticed Ijyb
  2696 | D:3      | Killed Ijyb
  3594 | D:4      | Identified the +3 kite shield of Xodd {Harm Rampage rPois
                  | Dex-2}
  3632 | D:4      | Reached * piety under Vehumet
  3632 | D:4      | Offered knowledge of Kiss of Death by Vehumet.
  3639 | D:4      | Reached XP level 6. HP: 30/33 MP: 5/11
  3674 | D:4      | Found a glowing drain.
  3721 | Sewer    | Entered a sewer
  3845 | Sewer    | Noticed Pargi
  3853 | Sewer    | Reached skill level 1 in Maces & Flails
  3855 | Sewer    | Killed Pargi
  3856 | Sewer    | Reached skill level 5 in Fire Magic
  4003 | Sewer    | Reached XP level 7. HP: 37/37 MP: 10/13
  4433 | D:4      | Offered knowledge of Shock by Vehumet.
  4439 | D:4      | Reached ** piety under Vehumet
  5127 | D:5      | Entered Level 5 of the Dungeon
  5361 | D:5      | Reached skill level 5 in Spellcasting
  5391 | D:5      | Reached XP level 8. HP: 42/42 MP: 8/16
  5710 | D:5      | Found a hide-covered altar of Uskayaw.
  5757 | D:5      | Noticed Menkaure
  5762 | D:5      | Killed Menkaure
  5763 | D:5      | Noticed Sigmund
  5769 | D:5      | Killed Sigmund
  6188 | D:6      | Offered knowledge of Momentum Strike by Vehumet.
  6201 | D:6      | Reached skill level 5 in Conjurations
  6201 | D:6      | Reached XP level 9. HP: 46/46 MP: 8/19
  6252 | D:6      | Reached *** piety under Vehumet
  6593 | D:6      | Reached skill level 1 in Fighting
  6793 | D:6      | Found a sacrificial altar of Ru.
  7407 | D:7      | Found a blossoming altar of Fedhas.
  7413 | D:7      | Identified the +6 ring mail of Sloth {+Inv Fly rC++ Will-}
  7456 | D:7      | Offered knowledge of Dazzling Flash by Vehumet.
  7476 | D:7      | Found a staircase to the Ecumenical Temple.
  7485 | Temple   | Entered the Ecumenical Temple
  8092 | D:8      | Noticed Maurice
  8095 | D:8      | Found a hazy altar of Hepliaklqana.
  8112 | D:8      | Killed Maurice
  8127 | D:8      | HP: 2/47 [steam dragon/ball of steam (10)]
  8128 | D:8      | Engulfed by a cloud of steam

Illustrated notes

Levels and vault maps discovered:
D:1:      dpeg_arrival_short_road, layout_loops_ring, minmay_misc_feat_chi,
          nicolae_nh_oracle_at_delphi
D:2:      layout_rooms, basic_altar, chequers_jeans, grunt_ministairs_1,
          serial_bayou_ford_a
D:3:      layout_basic, chei_slow_surprise, mainiacjoe_overflow_six_doors_small,
          serial_shops, shop, minmay_misc_feat_roman, uniq_ijyb
D:4:      kennysheep_kobold_camp, layout_loops_ring, gup_sewer_entry_pipe,
          wad_floor_pattern_untrapped
D:5:      layout_rooms, nicolae_uskayaw_dance_hall, serial_curves,
          eino_curves_02, eino_curves_01, eino_curves_02, uniq_menkaure,
          uniq_sigmund
D:6:      layout_basic, nicolae_ru_sacrificial_ziggurat
D:7:      layout_basic, nicolae_overflow_crystal_walls,
          lemuel_temple_firewalk_b, minmay_fractal_squares_gapless_5
D:8:      layout_cave_pods, nicolae_hepliaklqana_hazy_memory,
          mainiacjoe_overflow_catwalk, uniq_jeremiah, uniq_maurice, uniq_joseph
Temple:   nicolae_temple_god_jail

Skill      XL: |  1  2  3  4  5  6  7  8  9 |
---------------+----------------------------+-----
Dodging        | 2 3 |  3.0
Spellcasting   | 3 4 5 6 8 |  8.0
Conjurations   | 2 3 4 5 |  5.5
Fire Magic     | 4 5 6 7 8 |  8.5
Maces & Flails | 1 3 |  3.1
Fighting       | 1 |  1.4
Stealth        | |  2.2

Action                     |  1- 3 |  4- 6 |  7- 9 || total
---------------------------+-------+-------+-------++-------
  Melee: Whip              |    34 |    26 |    26 ||    86
         Flail             |       |       |    33 ||    33
   Cast: Foxfire           |    37 |    87 |   175 ||   299
         Scorch            |     7 |    20 |    45 ||    72
         Flame Wave        |       |       |     4 ||     4
    Use: Scroll            |       |    12 |     7 ||    19
         Potion            |       |     1 |     1 ||     2
 Armour: Robe              |    32 |    19 |   100 ||   151
         Skin              |       |     5 |       ||     5
  Dodge: Dodged            |    31 |    19 |    92 ||   142

Table legend: (Time is in decaauts)
 A = Elapsed time spent in this place.
 B = Non-inter-level travel time spent in this place.
 C = Inter-level travel time spent in this place.
 D = Time resting spent in this place.
 E = Time spent auto-exploring this place.
 F = Levels seen in this place.
 G = Mean time per level.
                   A        B        C        D        E       F      G
               +--------+--------+--------+--------+--------+-----+--------+
         Total |   8215 |   8037 |    178 |    814 |   5642 |  10 |  821.5 |
       Dungeon |   7814 |   7636 |    178 |    743 |   5390 |   8 |  976.8 |
        Temple |      1 |      1 |      0 |      0 |      0 |   1 |    1.0 |
         Sewer |    399 |    399 |      0 |     71 |    252 |   1 |  399.0 |
               +--------+--------+--------+--------+--------+-----+--------+

Top non-repeatable levels by time:
     D:4: 1537 daAuts
     D:3: 1236 daAuts
     D:7: 1142 daAuts
     D:1: 1126 daAuts
     D:6: 1032 daAuts
     D:2: 978 daAuts
     D:5: 694 daAuts
   Sewer: 399 daAuts
     D:8: 65 daAuts
  Temple: 1 daAuts
